 Dungeon Crawl Stone Soup version 0.29.1-15-g9cfb28693d (webtiles) character file.

Game seed: 1487907329697781093

1488 Silvore the Chopper (level 8, 0/62 HPs)
             Began as a Demonspawn Monk on Apr 30, 2023.
             Slain by a fire elemental (11 damage)
             ... created by the fiery vengeance of Ignis
             ... on level 6 of the Dungeon.
             The game lasted 00:11:24 (6219 turns).

Silvore the Chopper (Demonspawn Monk)               Turns: 6219, Time: 00:11:25

Health: 0/62       AC:  8    Str: 17    XL:     8   Next: 51%
Magic:  0/8        EV: 13    Int: 12    God:
Gold:   308        SH:  0    Dex: 18    Spells: 7/7 levels left

rFire   . . .      SeeInvis .   a - +0 hand axe
rCold   . . .      Faith    .   (no shield)
rNeg    . . .      Spirit   +   f - +0 ring mail
rPois   .          Reflect  .   (helmet restricted)
rElec   +          Harm     +   n - +0 cloak
rCorr   .          Rampage  .   (no gloves)
Will    .....                   t - +0 pair of boots
Stlth   ++........              j - amulet of the Shining One's Whim {Spirit Harm rElec}
HPRegen 0.20/turn               p - +6 ring of strength
MPRegen 0.11/turn               v - ring of protection from fire

@: fire susceptible
A: antennae 1, icemail 1, sturdy frame 1, condensation shield
a: no special abilities


You were on level 6 of the Dungeon.
You visited 1 branch of the dungeon, and saw 6 of its levels.

You collected 308 gold pieces.

Inventory:

Hand Weapons
 a - a +0 hand axe (weapon)
Armour
 b - a +0 robe
 f - a +0 ring mail (worn)
 n - a +0 cloak (worn)
 t - a +0 pair of boots (worn)
Jewellery
 h - an amulet of magic regeneration
 j - the amulet of the Shining One's Whim (around neck) {Spirit Harm rElec}
   (You found it on level 2 of the Dungeon)

   [amulet of guardian spirit]

   It causes incoming damage to be divided between your reserves of health and
   magic.
   rElec:     It insulates you from electricity.
   Harm:      It increases damage dealt and taken.
 p - a +6 ring of strength (left hand)
 v - a ring of protection from fire (right hand)
Wands
 i - a wand of flame (27)
 l - a wand of digging (4)
Scrolls
 d - a scroll of identify
 k - 2 scrolls of blinking
 r - a scroll of teleportation
Potions
 c - a potion of ambrosia
 e - a potion of invisibility
 g - a potion of curing
 m - 3 potions of mutation {unknown}
 o - a potion of lignification
 q - a potion of flight {unknown}
 s - a potion of magic {unknown}
 u - a potion of heal wounds {unknown}


   Skills:
 + Level 5.0 Fighting
 + Level 6.5 Axes
 + Level 3.4 Armour
 + Level 4.5 Dodging
 + Level 4.0 Stealth
 + Level 2.1 Shields


You had 7 spell levels left.
You didn't know any spells.
Your spell library contained the following spells:

 Spells                   Type           Power      Damage    Failure   Level
 Shock                    Conj/Air       0%         1d3       41%         1
 Swiftness                Air            0%         N/A       78%         3
 Airstrike                Air            0%         2d(0-16)  99%         4
 Summon Ice Beast         Ice/Summ       0%         N/A       99%         4
 Summon Mana Viper        Hex/Summ       0%         N/A       100%        5
 Monstrous Menagerie      Summ           0%         N/A       100%        7


Dungeon Overview and Level Annotations

Branches:
Dungeon (6/15)
 Temple: D:4-7

Altars:
Ashenzari
Dithmenos
Fedhas
Hepliaklqana
Qazlal
Xom
Ignis

Shops:
D:4 (


Innate Abilities, Weirdness & Mutations

You have a pair of small antennae on your head.
A meltable icy envelope protects you from harm. (AC +0)
Your movements are slightly less encumbered by armour. (ER -2)
A meltable shield of frost defends you. (SH +0)


Message History

Prince Ribbit is heavily wounded.
Prince Ribbit blinks!
Prince Ribbit blinks!
You block Prince Ribbit's attack.
You hit Prince Ribbit.
Prince Ribbit is severely wounded.
Prince Ribbit hits you but does no damage.
You barely miss Prince Ribbit.
Prince Ribbit is severely wounded.
Prince Ribbit completely misses you.
You closely miss Prince Ribbit.
Prince Ribbit is severely wounded.
Prince Ribbit hits you. x2
You closely miss Prince Ribbit.
Prince Ribbit is severely wounded.
Prince Ribbit closely misses you.
You slash Prince Ribbit!
You kill Prince Ribbit!
Your Fighting skill increases to level 5!
Your Stealth skill increases to level 4!
You start resting.
Magic restored.
You start resting. "Betrayer!
Apostate!
Perish!" 3 fire elementals come into view.
The fire elemental moves out of view.
You see here a +0 ring mail.
The fire elemental hits you. The fire elemental burns you!
Your icy defenses dissipate!
There is a stone staircase leading up here.
You closely miss the fire elemental. The fire elemental hits you.
The fire elemental burns you!
You closely miss the fire elemental. The fire elemental hits you.
The fire elemental burns you!
* * * LOW HITPOINT WARNING * * *
The fire elemental barely misses you. The fire elemental hits you.
The fire elemental burns you!
* * * LOW HITPOINT WARNING * * *
The fire elemental barely misses you. The fire elemental hits you.
The fire elemental burns you!
You die...

.## ..# ## ... #.
..## #. #..## .#####.
... .......### #.# #
#..@E## #.# .#
.......#E☼# #.# .<#
#########○######.##.#
#...°°##.☼..#
#####○°#☼.#?.#
##☼...# ..# ####.#
... ☼# ## ##


You could see 2 fire elementals.

Vanquished Creatures
  Prince Ribbit (D:6)
  Sigmund (D:2)
  An orc warrior (D:4)
  2 ice beasts
  An ogre (D:5)
  3 phantoms
  3 scorpions
  2 hounds
  An orc priest (D:4)
  An iguana (D:4)
  An orc wizard (D:4)
  4 gnolls (D:2)
  6 adders
  A shadow imp (D:5)
  An ufetubus (D:5)
  3 worms
  2 dart slugs (D:2)
  9 bats
  10 endoplasms
  3 giant cockroaches
  6 hobgoblins
  12 jackals
  4 quokkas
  7 ball pythons
  4 frilled lizards
  8 goblins
  8 kobolds
  11 rats
116 creatures vanquished.

Vanquished Creatures (others)
  72 foxfires
  6 plants
78 creatures vanquished.

Grand Total: 194 creatures vanquished

Notes
Turn   | Place    | Note
-------+----------+-------------------------------------------
     0 | D:1      | Silvore the Demonspawn Monk began the quest for the Orb.
     0 | D:1      | Reached XP level 1. HP: 18/18 MP: 1/1
   159 | D:1      | Gained mutation: A meltable shield of frost defends you.
                  | (SH +0) [demonic ancestry]
   159 | D:1      | Reached XP level 2. HP: 2/24 MP: 2/2
   675 | D:1      | Reached skill level 3 in Axes
  1289 | D:1      | Gained mutation: You have a pair of small antennae on your
                  | head. [demonic ancestry]
  1289 | D:1      | Reached XP level 3. HP: 29/29 MP: 3/3
  1735 | D:1      | Found a faded altar of an unknown god.
  1740 | D:1      | Prayed at the altar of an unknown god.
  1740 | D:1      | Became a worshipper of Ignis, the Dying Flame
  1740 | D:1      | Reached ****** piety under Ignis
  1909 | D:2      | Identified the amulet of the Shining One's Whim {Spirit
                  | Harm rElec}
  1910 | D:2      | Noticed Sigmund
  2225 | D:2      | Killed Sigmund
  2226 | D:2      | Reached skill level 4 in Axes
  2226 | D:2      | Reached skill level 1 in Armour
  2226 | D:2      | Reached XP level 4. HP: 19/37 MP: 4/4
  2226 | D:2      | Gained mutation: A meltable icy envelope protects you from
                  | harm. (AC +0) [demonic ancestry]
  2226 | D:2      | Reached XP level 5. HP: 22/42 MP: 5/5
  2515 | D:2      | Reached XP level 6. HP: 46/48 MP: 6/6
  2586 | D:2      | Reached skill level 1 in Shields
  2996 | D:3      | Found a hazy altar of Hepliaklqana.
  3059 | D:3      | Found a stormy altar of Qazlal.
  3246 | D:3      | Found a blossoming altar of Fedhas.
  3677 | D:4      | Found a broken altar of Ashenzari.
  3835 | D:4      | Gained mutation: Your movements are slightly less
                  | encumbered by armour. (ER -2) [demonic ancestry]
  3835 | D:4      | Reached XP level 7. HP: 40/54 MP: 4/7
  3925 | D:4      | Found a shimmering altar of Xom.
  4059 | D:4      | Found Wipaedos's Antique Weapon Boutique.
  4174 | D:4      | Reached skill level 5 in Axes
  4194 | D:4      | HP: 1/54 [orc warrior/+0 halberd (4)]
  4619 | D:4      | Found a shadowy altar of Dithmenos.
  5096 | D:5      | Entered Level 5 of the Dungeon
  5608 | D:5      | Reached XP level 8. HP: 48/61 MP: 8/8
  5707 | D:5      | Reached skill level 6 in Axes
  5737 | D:5      | Fell from the grace of Ignis
  6094 | D:6      | Noticed Prince Ribbit
  6144 | D:6      | Killed Prince Ribbit
  6145 | D:6      | Reached skill level 5 in Fighting
  6219 | D:6      | Slain by a fire elemental

Illustrated notes

Levels and vault maps discovered:
D:1:      minmay_arrival_four_houses, layout_basic,
          shapermc_ecumenical_altar_hornbeckon, eino_curves_04,
          minmay_crystal_water, kennysheep_doodads
D:2:      cheibrodos_old_hovel, layout_rooms, uniq_sigmund
D:3:      minmay_chambers_of_twos, layout_basic, nicolae_overflow_crystal_walls,
          mainiacjoe_overflow_paths, mainiacjoe_overflow_boulevard,
          glass_columns_b
D:4:      layout_loops_cross, lemuel_coloured_pillars_altar,
          mainiacjoe_overflow_24_doors, mainiacjoe_overflow_catwalk,
          serial_shops, nicolae_shop_stone
D:5:      layout_cave_pools, tso_metal_star, glass_columns_b,
          kennysheep_generic_room_2
D:6:      layout_rooms, minmay_shop_enchanted_jewellery, uniq_prince_ribbit1,
          uniq_maggie

Skill      XL: |  1  2  3  4  5  6  7  8 |
---------------+-------------------------+-----
Dodging        | 3 4 |  4.5
Axes           | 3 4 5 6 |  6.5
Stealth        | 2 3 4 |  4.0
Armour         | 1 2 3 |  3.4
Shields        | 1 2 |  2.1
Fighting       | 4 5 |  5.0

Action                   |  1- 3 |  4- 6 |  7- 9 || total
-------------------------+-------+-------+-------++-------
Melee: Hand axe          |   119 |   181 |   165 ||   465
       Punch             |     3 |     5 |       ||     8
Invok: Foxfire Swarm     |     2 |       |     5 ||     7
       Fiery Armour      |     1 |       |     1 ||     2
       Renounce Religion |       |       |     1 ||     1
  Use: Scroll            |     2 |     5 |     2 ||     9
       Potion            |       |       |     1 ||     1
 Stab: Sleeping          |     5 |     5 |     4 ||    14
       Distracted        |       |       |     1 ||     1
Armor: Robe              |    20 |       |       ||    20
       Ring mail         |    47 |    79 |    73 ||   199
Dodge: Dodged            |   140 |    83 |    82 ||   305
Block: Other             |    24 |    24 |    25 ||    73
